 Dungeon Crawl Stone Soup version 0.20.1-1-g8b1a95d (webtiles) character file.

43 OneorTwo the Sneak (level 3, -3/27 HPs)
             Began as a Demonspawn Assassin on July 28, 2017.
             Slain by a hobgoblin
             ... wielding a +0 club
             ... led by Robin
              (10 damage)
             ... on level 2 of the Dungeon.
             The game lasted 00:06:04 (882 turns).

OneorTwo the Sneak (Demonspawn Assassin)             Turns: 882, Time: 00:06:05

Health: -3/27      AC:  5    Str: 11    XL:     3   Next: 37%
Magic:  3/3        EV: 11    Int: 12    God:
Gold:   51         SH:  0    Dex: 15    Spells: 2/2 levels left

rFire    . . .     SeeInvis .   a - +2 dagger
rCold    . . .     Gourm    .   (no shield)
rNeg     . . .     Faith    .   c - +0 robe
rPois    .         Spirit   .   (no helmet)
rElec    .         Reflect  .   d - +0 cloak
rCorr    .         Harm     .   (no gloves)
MR       +....                  (no boots)
Stlth    +++.......             (no amulet)
Regen    0.1/turn               (no ring)
MPRegen  0.1/turn               (no ring)

@: no status effects
A: talons 1, iridescent scales 1, blink, magic resistance 1
a: Blink


You were on level 2 of the Dungeon.
You were not hungry.

You visited 1 branch of the dungeon, and saw 2 of its levels.

You collected 51 gold pieces.

Inventory:

Hand Weapons
 a - a +2 dagger (weapon)
 b - a +0 blowgun
Missiles
 j - a throwing net (quivered)
 o - 14 bolts
Armour
 c - a +0 robe (worn)
 d - a +0 cloak (worn)
Scrolls
 h - a scroll of magic mapping
 l - a scroll of remove curse {unknown}
Potions
 k - 2 potions of curing
Comestibles
 g - 2 bread rations
 i - 9 chunks of flesh


   Skills:
 + Level 2.2 Fighting
 + Level 1.8 Short Blades
 - Level 1.7 Throwing
 - Level 0.8 Dodging
 + Level 4.8 Stealth


You had 2 spell levels left.
You didn't know any spells.

Dungeon Overview and Level Annotations

Branches:
Dungeon (2/15)

Altars:


Innate Abilities, Weirdness & Mutations

You have sharp toenails.
You are partially covered in iridescent scales. (AC +2)
You can translocate small distances at will.
You are resistant to hostile enchantments. (MR+)


Message History

Robin zaps a wand.
The puff of flame hits you!
You hit Robin.
Robin is almost dead.
The hobgoblin hits you but does no damage.
A goblin comes into view. It is wielding an enchanted dagger.
You kill Robin!
A hobgoblin comes into view. It is wielding a club.
The hobgoblin shouts!
The goblin shouts!
You hit the hobgoblin but do no damage. Your kick misses the hobgoblin.
The hobgoblin hits you with a club.
* * * LOW HITPOINT WARNING * * *
You hit the hobgoblin.
You claw the hobgoblin, but do no damage.
The hobgoblin is almost dead.
The goblin no longer looks unusually strong.
The hobgoblin misses you.
You barely miss the hobgoblin.
The hobgoblin is almost dead.
The hobgoblin hits you with a club!
You die...

*,* **,,* #..# ##...######*, *,*
*,,* #..# ##.....#.,,,,,
**,*****,,*###..####........#****
,,,,,,,,,,,,..(.............#****
,*******,***##(.###...........,,,
,* #.#####(.###.........###** ,*
#.((.)))g............#*,,, ,*
#######gg#####.....#.#*,** ,*
#..@...)....##.#*,* **
##.##########*,**,** #.#*******
*,*,*,* #..,,,,,,* *,,***,
####****,******,*,* *,,,,,,,,,**
***********


You could see 3 hobgoblins.

Vanquished Creatures
  Robin (D:2)
  A worm (D:2)
  A leopard gecko (D:1)
  2 giant cockroaches (D:1)
  4 goblins
  11 hobgoblins
  2 bats (D:1)
  A kobold (D:2)
  2 rats (D:1)
25 creatures vanquished.

Vanquished Creatures (others)
  A goblin (D:2)
1 creature vanquished.

Grand Total: 26 creatures vanquished

Notes
Turn   | Place    | Note
-------+----------+-------------------------------------------
     0 | D:1      | OneorTwo the Demonspawn Assassin began the quest for the Orb.
     0 | D:1      | Reached XP level 1. HP: 16/16 MP: 1/1
   236 | D:1      | Reached skill level 4 in Stealth
   499 | D:1      | Gained mutation: You are partially covered in iridescent scales. (AC +2) [demonic ancestry]
   499 | D:1      | Reached XP level 2. HP: 20/22 MP: 2/2
   755 | D:2      | Gained mutation: You are resistant to hostile enchantments. (MR+) [potion of mutation]
   755 | D:2      | Gained mutation: You can translocate small distances at will. [potion of mutation]
   859 | D:2      | Gained mutation: You have sharp toenails. [demonic ancestry]
   859 | D:2      | Reached XP level 3. HP: 25/27 MP: 3/3
   865 | D:2      | Noticed Robin
   879 | D:2      | Killed Robin
   882 | D:2      | Slain by a hobgoblin

Skill      XL: |  1 |
---------------+----+-----
Stealth        | 4 |  4.8
Fighting       | |  2.2
Short Blades   | |  1.8
Throwing       | |  1.7
Dodging        | |  0.8

Action                   || total
-------------------------++-------
Melee: Dagger            ||    57
       Kick              ||     2
 Fire: Blowgun           ||    14
  Use: Scroll            ||     4
       Potion            ||     2
 Stab: Sleeping          ||     6
Armor: Robe              ||    12
Dodge: Dodged            ||    31
